 Dungeon Crawl Stone Soup version 0.13.0-19-g8e0b589 (webtiles) character file.

3110 MDvedh the Grappler (level 9, -6/79 HPs)
             Began as a Troll Death Knight on Oct 25, 2013.
             Was an Elder of Yredelemnul.
             Mangled by a warg (11 damage)
             ... on Level 9 of the Dungeon.
             The game lasted 00:12:49 (6462 turns).

MDvedh the Grappler (Troll Death Knight)            Turns: 6462, Time: 00:12:50

HP  -6/79        AC  8     Str 26      XL: 9   Next: 39%
MP  18/18        EV  9     Int  7      God: Yredelemnul [****..]
Gold 393         SH  0     Dex  8 (9)  Spells:  0 memorised,  8 levels left

Res.Fire  : + . .   See Invis. : .     - Unarmed
Res.Cold  : + . .   Warding    : .   F - +2 robe {rC+ rF+}
Life Prot.: . . .   Conserve   : .   (shield restricted)
Res.Poison: +       Res.Corr.  : .   (helmet restricted)
Res.Elec. : .       Clarity    : .   f - +0 cloak
Sust.Abil.: . .     Spirit.Shd : .   (gloves unavailable)
Res.Mut.  : .       Stasis     : .   (boots unavailable)
Res.Rott. : .       Flight     : .   (no amulet)
Gourmand  : +                        (no ring)
                                     e - ring of poison resistance

@: slightly resistant to hostile enchantments, very unstealthy
A: unfitting armour, claws 3, fast metabolism 3, gourmand, regeneration 2,
saprovore 2, tough skin 2, AC +1
a: Animate Dead, Recall Undead Slaves, Injury Mirror, Drain Life, Renounce
Religion


You were on level 9 of the Dungeon.
You worshipped Yredelemnul.
Yredelemnul was greatly pleased with you.
You were not hungry.

You visited 1 branch of the dungeon, and saw 9 of its levels.

You collected 373 gold pieces.

Inventory:

Armour
 f - a +0 cloak (worn)
 F - a +2 robe of resistance (worn)
Magical devices
 H - a wand of lightning (4) {unknown}
 I - a wand of fire (4) {unknown}
 R - a wand of invisibility (7) {unknown}
Comestibles
 a - 7 meat rations
 c - 3 chokos
 g - 5 pears
 m - 5 bread rations
 x - an apple
 C - a beef jerky
Scrolls
 d - a scroll of noise
 l - 5 scrolls of teleportation
 o - 5 scrolls of remove curse {unknown}
 p - 3 scrolls of enchant weapon I
 s - 4 scrolls of enchant weapon II
 u - 4 scrolls of fog
 y - a scroll of enchant armour {unknown}
 A - 4 scrolls of recharging {unknown}
 B - a scroll of curse armour {unknown}
 D - 4 scrolls of identify
 E - a scroll of blinking {unknown}
 G - 4 scrolls of random uselessness {unknown}
 L - a scroll of fear {unknown}
 N - a scroll of immolation {unknown}
 P - a scroll of amnesia
Jewellery
 b - a +3 ring of strength {unknown}
 e - a ring of poison resistance (left claw)
 J - a +2 ring of dexterity {unknown}
 K - an uncursed amulet of resist mutation {unknown}
Potions
 h - 3 potions of heal wounds
 i - 2 potions of might
 j - a potion of resistance
 k - a potion of slowing {unknown}
 q - 2 potions of restore abilities
 r - a potion of poison {unknown}
 t - a potion of mutation {unknown}
 v - 3 potions of curing {unknown}
 z - 4 potions of agility {unknown}
 M - 2 potions of speed {unknown}
 O - a potion of brilliance {unknown}
Books
 w - a book of the Tempests

   Spells                             Type                      Level
   Static Discharge                   Conjuration/Air              3
   Lightning Bolt                     Conjuration/Air              5
   Fireball                           Conjuration/Fire             5
   Tornado                            Air                          9
   Shatter                            Earth                        9


   Skills:
 - Level 1.5 Fighting
 - Level 1.2 Dodging
 + Level 9.5 Unarmed Combat
 + Level 8.6 Invocations


You had 8 spell levels left.
You didn't know any spells.

Dungeon Overview and Level Annotations

Branches:
Dungeon (9/27) Temple (0/1) D:5 Lair (0/8) D:8 D:9 Orc: D:6-11

Altars:
Cheibriados
Elyvilon
Makhleb
Okawaru
Trog
Xom
Yredelemnul

Portals:
Ziggurat: D:4 (3900 gp)


Innate Abilities, Weirdness & Mutations

You are too large for most types of armour.
You have claws for hands.
Your metabolism is lightning-fast.
You like to eat raw meat.
You heal very quickly.
You can eat rotten meat.
You are covered in fur (AC +1).
You have very tough skin (AC +2).


Message History

The warg barely misses you.
The orc priest mumbles some strange prayers to Beogh.
You feel troubled.
The orc priest calls down the wrath of Beogh upon you.
Something smites you!
* * * LOW HITPOINT WARNING * * *
The orc priest invokes the aid of Beogh against you.
Something smites you!
* * * LOW HITPOINT WARNING * * *
The orc priest invokes the aid of Beogh against you.
Something smites you!
* * * LOW HITPOINT WARNING * * *
The warg bites you.
* * * LOW HITPOINT WARNING * * *
The warg claws you but does no damage. The warg completely misses you.
There is an escape hatch in the ceiling here.
Unknown command.
The warg bites you!
You die...
Your body rises from the dead as a mindless zombie.

#.# #.# ... #.#
#.# ###.## .##
.... ....##
####.#####
......##..ohh@..#
[......#...o###.#
...
......Poo#h###
#.# #.#
..r........# #.#
#.# .........###
#.# #.# .......##
#.# #.# ......#
#.# #.# ...[##
#.# #.# .## #.#
#.#


You could see 3 wargs, 2 orc priests, an orc wizard and an orc.

Vanquished Creatures
  A komodo dragon (D:8)
  A slave (D:5)
  3 sky beasts
  A centaur (D:8)
  An ogre (D:8)
  A black bear (D:8)
  3 ice beasts (D:8)
  A water moccasin (D:8)
  3 giant frogs (D:8)
  2 killer bees (D:9)
  2 crimson imps (D:5)
  A quasit (D:8)
  2 jellies (D:8)
  An orc priest (D:5)
  4 hounds
  A gnoll shaman (D:4)
  A scorpion (D:8)
  2 orc wizards
  3 worker ants
  A mottled dragon skeleton (D:4)
  2 gnolls
  5 adders
  4 worms
  A giant eyeball (D:8)
  3 giant geckos
  15 orcs
  6 giant cockroaches
  13 goblins
  13 hobgoblins
  9 jackals
  10 bats
  6 giant newts
  9 kobolds
  A kobold skeleton (D:4)
  2 kobold zombies (D:5)
  3 quokkas
  A quokka zombie (D:7)
  8 rats
  A rat zombie (D:7)
  A fungus (D:5)
  A plant (D:8)
149 creatures vanquished.

Vanquished Creatures (collateral kills)
  Pikel (D:5)
  A queen bee (D:9)
  The ghost of 4tharraofdagon the Firebug, an average DEFE (D:5)
  3 slaves (D:5)
  A phantom (D:6)
  An ogre (D:5)
  3 killer bees (D:9)
  A crimson imp (D:7)
  An orc priest (D:6)
  Crazy Yiuf (D:5)
  A worker ant (D:4)
  An ogre zombie (D:7)
  4 gnolls
  An adder (D:8)
  A worm (D:7)
  3 orcs
  2 bats
  5 hobgoblins
  4 jackals (D:8)
  6 kobolds (D:5)
  A giant newt (D:4)
  A fungus (D:5)
  A plant (D:5)
45 creatures vanquished.

Vanquished Creatures (others)
  2 flying skulls (D:9)
  A wraith (D:9)
  2 mummies
  A rat (D:5)
6 creatures vanquished.

Grand Total: 200 creatures vanquished

Notes
Turn   | Place    | Note
--------------------------------------------------------------
     0 | D:1      | MDvedh, the Troll Death Knight, began the quest for the Orb.
     0 | D:1      | Reached XP level 1. HP: 20/20 MP: 2/2
   244 | D:1      | Reached XP level 2. HP: 25/28 MP: 2/2
   499 | D:1      | Reached skill level 3 in Unarmed Combat
   703 | D:1      | Acquired Yredelemnul's second power
   758 | D:1      | Reached XP level 3. HP: 35/35 MP: 4/4
  1361 | D:2      | Reached XP level 4. HP: 33/42 MP: 5/5
  1418 | D:2      | Found a bloodstained altar of Trog.
  1732 | D:3      | Found a snail-covered altar of Cheibriados.
  1744 | D:3      | Noticed a sky beast
  1749 | D:3      | Killed a sky beast
  1749 | D:3      | Reached skill level 4 in Unarmed Combat
  1749 | D:3      | Reached XP level 5. HP: 49/49 MP: 6/6
  1840 | D:3      | Acquired Yredelemnul's third power
  2562 | D:4      | Received a gift from Yredelemnul
  2791 | D:4      | Reached XP level 6. HP: 58/58 MP: 8/8
  2805 | D:4      | Found a gateway to a ziggurat.
  2876 | D:4      | Reached skill level 5 in Unarmed Combat
  3025 | D:5      | Entered Level 5 of the Dungeon
  3053 | D:5      | Noticed 4tharraofdagon's ghost (average DEFE)
  3058 | D:5      | Killed 4tharraofdagon's ghost
  3058 | D:5      | Reached skill level 5 in Invocations
  3160 | D:5      | Noticed Pikel
  3197 | D:5      | Killed Pikel
  3197 | D:5      | Reached skill level 6 in Unarmed Combat
  3197 | D:5      | Reached XP level 7. HP: 39/65 MP: 10/10
  3412 | D:5      | Found a shimmering altar of Xom.
  3460 | D:5      | Found a white marble altar of Elyvilon.
  3481 | D:5      | Received a gift from Yredelemnul
  3503 | D:5      | Found a staircase to the Ecumenical Temple.
  3681 | D:5      | Found a basalt altar of Yredelemnul.
  3716 | D:5      | Found an iron altar of Okawaru.
  3991 | D:5      | Noticed Crazy Yiuf
  3999 | D:5      | Killed Crazy Yiuf
  4668 | D:6      | Reached skill level 7 in Unarmed Combat
  4668 | D:6      | Reached XP level 8. HP: 72/72 MP: 12/12
  4800 | D:7      | Found a sand-covered staircase.
  4839 | D:7      | Found a burning altar of Makhleb.
  5071 | D:7      | Received a gift from Yredelemnul
  5078 | D:7      | Acquired Yredelemnul's fourth power
  5459 | D:8      | Found a white marble altar of Elyvilon.
  5462 | D:8      | Reached skill level 8 in Unarmed Combat
  5828 | D:8      | Paralysed by a giant eyeball for 2 turns
  5833 | D:8      | Reached XP level 9. HP: 79/79 MP: 16/16
  5833 | D:8      | Received a gift from Yredelemnul
  5996 | D:8      | Found a staircase to the Lair.
  5997 | D:8      | Noticed a komodo dragon
  6008 | D:8      | Killed a komodo dragon
  6008 | D:8      | Reached skill level 9 in Unarmed Combat
  6452 | D:9      | Found a staircase to the Lair.
  6462 | D:9      | Mangled by a warg

Action                   |  1- 3 |  4- 6 |  7- 9 || total
-------------------------+-------+-------+-------++-------
Melee: Unarmed           |   140 |   115 |   232 ||   487
Invok: Recall Undead Sla |       |       |     3 ||     3
  Use: Scroll            |       |    12 |       ||    12
       Potion            |       |       |     3 ||     3
 Stab: Sleeping          |       |       |     1 ||     1
